 Dungeon Crawl Stone Soup version 0.28-a0-1002-gf00fe891ef (webtiles) character file.

Game seed: 11881501564365009807

41124 miscthings the Covert (level 13, 0/66 HPs)
             Began as a Spriggan Enchanter on Dec 6, 2021.
             Was a High Priest of Ashenzari.
             Slain by a hornet (2 damage)
             ... while paralysed by a hornet
             ... on level 6 of the Lair of Beasts.
             The game lasted 00:44:51 (14314 turns).

miscthings the Covert (Spriggan Enchanter)         Turns: 14314, Time: 00:44:52

Health: 0/66       AC: 10    Str:  4    XL:     13   Next: 78%
Magic:  38/38      EV:  4    Int: 25    God:    Ashenzari [*****.]
Gold:   1385       SH:  0    Dex: 17    Spells: 17/32 levels left

rFire   + . .      SeeInvis +   P - +4 dagger of the Cursed Anxiety {elec, rElec rF+, Comp, Melee} (curse)
rCold   + . .      Faith    .   L - +0 buckler "Astral Dogma" {Alch, Cun} (curse)
rNeg    . . .      Spirit   .   N - +0 troll leather armour "Cosmic Anxiety" {Regen+, Evo, Melee} (curse)
rPois   .          Reflect  .   I - +3 hat of Pondering {ponderous, Will+ MP+10 Int+5, Cun, Fort} (curse)
rElec   +          Harm     .   M - +1 cloak of Ashenzari's Failure {rCorr, Range, Bglg} (curse)
rCorr   +          Rampage  .   (gloves unavailable)
Will    +++..      Clarity  +   (boots unavailable)
Stlth   +++++++...              o - amulet "At What Cost Knowledge?" {Regen+, Comp, Cun} (curse)
HPRegen 1.81/turn               F - ring of the Celestial Failure {rC+, Cun, Range} (curse)
MPRegen 0.26/turn               (no ring)

@: paralysed, lethally poisoned (0 -> -6), about to teleport, slowed, very quick
A: very small, no large weapons, unfitting armour, see invisible, speed 3
a: Renounce Religion, Curse Item, Shatter the Chains


You were on level 6 of the Lair of Beasts.
You worshipped Ashenzari.
Ashenzari was extremely pleased with you.
You visited 3 branches of the dungeon, and saw 17 of its levels.

You collected 1385 gold pieces.

Inventory:

Hand Weapons
 E - the +10 mace of Rumal {flame, rElec rC+ Stlth+}
   (You found it on level 6 of the Dungeon)

   It burns those it strikes, dealing additional fire damage.
   rC:        It protects you from cold.
   rElec:     It insulates you from electricity.
   Stlth:     It makes you more stealthy.
 P - the cursed +4 dagger of the Cursed Anxiety (weapon) {elec, rElec rF+, Comp, Melee}
   (You found it on level 1 of the Lair of Beasts)

   It occasionally discharges a powerful burst of electricity upon striking a
   foe.
   rF:        It protects you from fire.
   rElec:     It insulates you from electricity.
   It has a curse which improves the following skills: Companions: Summonings
   and Necromancy.
   Melee Combat: Short Blades, Long Blades, Axes, Maces & Flails, Polearms,
   Staves and Unarmed Combat.
Missiles
 n - 33 poisoned darts (quivered)
 z - 5 curare-tipped darts
 J - 4 throwing nets
Armour
 y - a +2 robe of cold resistance
 D - +0 steam dragon scales
 I - the cursed +3 hat of Pondering (worn) {ponderous, Will+ MP+10 Int+5, Cun, Fort}
   (You took it off Gastronok on level 3 of the Lair of Beasts)

   Int:       It affects your intelligence (+5).
   MP:        It affects your magic capacity (+10).
   Will:      It increases your willpower.
   It has a curse which improves the following skills: Cunning: Dodging and
   Stealth.
   Fortitude: Armour and Shields.
 L - the cursed +0 buckler "Astral Dogma" (worn) {Alch, Cun}
   (You took it off a gnoll sergeant on level 8 of the Dungeon)

   It has a curse which improves the following skills: Alchemy: Poison Magic and
   Transmutations.
   Cunning:   Dodging and Stealth.
 M - the cursed +1 cloak of Ashenzari's Failure (worn) {rCorr, Range, Bglg}
   (You took it off Maurice on level 8 of the Dungeon)

   It has a curse which improves the following skills: Ranged Combat: Slings,
   Bows, Crossbows and Throwing.
   Beguiling: Conjurations, Hexes and Translocations.
 N - the cursed +0 troll leather armour "Cosmic Anxiety" (worn) {Regen+, Evo, Melee}
   (You found it on level 10 of the Dungeon)

   Regen:     It increases your rate of health regeneration.
   It has a curse which improves the following skills: Evocations: Evocations.
   Melee Combat: Short Blades, Long Blades, Axes, Maces & Flails, Polearms,
   Staves and Unarmed Combat.
Magical Staves
 r - a staff of cold
 Q - a staff of cold
Jewellery
 o - the cursed amulet "At What Cost Knowledge?" (around neck) {Regen+, Comp, Cun}
   (You found it on level 3 of the Dungeon)

   [amulet of regeneration]

   Regen:     It increases your rate of health regeneration.
   It has a curse which improves the following skills: Companions: Summonings
   and Necromancy.
   Cunning:   Dodging and Stealth.
 F - the cursed ring of the Celestial Failure (left hand) {rC+, Cun, Range}
   (You found it on level 7 of the Dungeon)

   [ring of protection from cold]

   rC:        It protects you from cold.
   It has a curse which improves the following skills: Cunning: Dodging and
   Stealth.
   Ranged Combat: Slings, Bows, Crossbows and Throwing.
 S - a ring of protection from cold
Wands
 g - a wand of flame (23)
 t - a wand of paralysis (6)
 u - a wand of digging (16)
 v - a wand of acid (5)
 B - a wand of mindburst (15)
 C - a wand of iceblast (10)
 R - a wand of charming (2)
Scrolls
 a - a scroll of fear
 d - 4 scrolls of vulnerability
 f - 4 scrolls of immolation
 h - a scroll of magic mapping
 k - 3 scrolls of blinking
 l - 5 scrolls of teleportation
 s - 3 scrolls of enchant armour
 w - 3 scrolls of summoning
 A - a scroll of holy word
 G - 2 scrolls of fog
 O - 5 scrolls of amnesia
 T - a scroll of enchant weapon
Potions
 b - a potion of berserk rage
 c - a potion of invisibility
 e - 2 potions of resistance
 i - 5 potions of curing
 j - 3 potions of flight
 m - 3 potions of heal wounds
 p - a potion of haste
 q - 4 potions of cancellation
 x - 6 potions of lignification
 H - 2 potions of brilliance
 K - 2 potions of might


   Skills:
 + Level 6.9 Fighting
 - Level 8.9(13.1) Short Blades
 - Level 3.0(5.2) Armour
 + Level 11.3(18.0) Dodging
 + Level 13.6(20.3) Stealth
 - Level 4.6(7.2) Shields
 + Level 10.4 Spellcasting
 + Level 11.5(14.2) Hexes
 + Level 6.5(10.6) Necromancy
 + Level 10.3(13.0) Evocations


You had 17 spell levels left.
You knew the following spells:

 Your Spells              Type           Power      Damage    Failure   Level
a - Ensorcelled Hibernat  Hex/Ice        96%        N/A       1%          2
b - Tukima's Dance        Hex            71%        N/A       1%          3
c - Dazzling Flash        Conj/Hex       98%        N/A       1%          3
d - Dispel Undead         Necr           60%        3d21      1%          4
e - Confusing Touch       Hex            71%        N/A       1%          3

Your spell library contained the following spells:

 Spells                   Type           Power      Damage    Failure   Level
 Animate Skeleton         Necr           100%       N/A       1%          1
 Corpse Rot               Necr/Air       78%        N/A       1%          2
 Summon Small Mammal      Summ           64%        N/A       6%          1
 Apportation              Tloc           28%        N/A       7%          1
 Death Channel            Necr           30%        N/A       16%         6


Dungeon Overview and Level Annotations

Branches:
Dungeon (10/15)            Temple (1/1) D:5            Lair (6/6) D:8
 Shoals (0/4) Lair:3       Spider (0/4) Lair:3        Slime (0/5) Lair:5
    Orc: D:9-12

Altars:
Ashenzari
Cheibriados
Dithmenos
Elyvilon
Fedhas
Gozag
Hepliaklqana
Kikubaaqudgha
Makhleb
Nemelex Xobeh
Okawaru
Qazlal
Ru
Sif Muna
Trog
Uskayaw
Vehumet
Wu Jian
Xom
Yredelemnul
Zin
The Shining One

Shops:
D:5 =

Annotations:
Lair:1 3 runed translucent doors, Pooter's ghost, journeyman DsBe
Lair:2 3 runed translucent doors, lunkers's ghost, journeyman DjCA
Lair:3 3 runed translucent doors, Nieclary's ghost, journeyman TrTm; tnor's ghost, journeyman DjCA
Lair:5 1 runed translucent door, Pinouros's ghost, journeyman DECj


Innate Abilities, Weirdness & Mutations

You are very small and have problems with some larger weapons.
You are too small for most types of armour.
You have supernaturally acute eyesight. (SInv)
You cover ground extremely quickly. (Speed+++)


Message History

The helpless hornet fails to defend itself.
You stick the hornet like a pincushion!!!!!
You kill the hornet!
The helpless hornet fails to defend itself.
You perforate the hornet like a sieve!!!!!
You kill the hornet!
The hornet buzzes angrily. x3; The lindwurm roars!
The lindwurm bites you! The lindwurm completely misses you.
You block the lindwurm's attack. You block the hornet's attack.
You hit the lindwurm but do no damage. Lightning courses through the lindwurm!
The lindwurm is moderately wounded.
You block the hornet's attack.
Okay, then.
As you read the scroll of teleportation, it crumbles to dust.
You feel strangely unstable. The hornet stings you!
You feel yourself slow down. The hornet stings you.
You suddenly lose the ability to move!
The hornet stings you!
You are poisoned.
You feel as though you will be slow longer.
The lindwurm bites you but does no damage.
The lindwurm claws you.
The lindwurm claws you but does no damage.
The hornet stings you.
You feel as though you will be slow longer.
The hornet stings you but does no damage.
The hornet stings you!
* * * LOW HITPOINT WARNING * * *
You feel as though you will be slow longer.
You feel very sick. The lindwurm breathes flames at you.
The blast of flame hits you! You resist.
* * * LOW HITPOINT WARNING * * *
The hornet stings you.
* * * LOW HITPOINT WARNING * * *
You feel as though you will be slow longer.
The hornet stings you.
* * * LOW HITPOINT WARNING * * *
You are more poisoned.
You shrug off the repeated paralysis!
The hornet stings you.
You die...

######†......##########..####.
###.#......P.###########..###.[
####...####...#.#######..####..
###...####.#...#### ##...#####.
##P.#########..P.## ##..##.####
##...#######P#.PPP# ###P....###
##..P..#####$...(## ####...#.##
###.....###..y..†## ###.....#..
##[...####..y@††.# ##.PPP....
#..(†#####.yk#.### ###PP..##
##..############### #..#P..##
#######################.....
##.#####.###..#####........
#..........................
###..........................
#P...............###...P#....
##...............####.###....


You could see a lindwurm (catching breath) and 3 hornets.

Vanquished Creatures
  Gastronok (Lair:3)
  A fire dragon (Lair:6)
  Fannar (Lair:1)
  4 hydras
  An ice dragon (Lair:6)
  A death yak (Lair:6)
  A catoblepas (Lair:4)
  A swamp dragon (Lair:6)
  An orb spider (Lair:3)
  2 oklob plants (Lair:3)
  13 elephants
  A centaur zombie (D:7)
  A black mamba (Lair:3)
  Maurice (D:8)
  4 torpor snails (Lair:6)
  10 cane toads
  Maggie (Lair:2)
  13 komodo dragons
  3 rime drakes
  2 tyrant leeches (Lair:6)
  A troll (D:10)
  4 polar bears
  Prince Ribbit (D:4)
  4 hornets (Lair:6)
  25 blink frogs
  7 dream sheep (Lair:1)
  3 basilisks
  27 yaks
  A wyvern (Lair:1)
  Grum (D:8)
  Eustachio (D:6)
  2 steam dragons
  2 acid dragons (Lair:6)
  14 water moccasins
  Duvessa (D:5)
  An ice beast (D:7)
  2 swamp drakes (Lair:6)
  A necrophage (D:4)
  A black bear (D:7)
  10 wolves
  4 centaurs
  2 phantoms
  4 kobold brigands
  12 bullfrogs
  A gnoll sergeant (D:8)
  A wyvern zombie (D:7)
  Dowan (D:5)
  A howler monkey (D:5)
  3 electric eels
  Crazy Yiuf (D:6)
  A gnoll shaman (D:7)
  5 hounds
  5 jellies
  An orc priest (D:6)
  A centaur skeleton (D:7)
  8 iguanas
  A scorpion zombie (D:5)
  9 orc wizards
  A hound skeleton (D:4)
  A howler monkey skeleton (D:7)
  A howler monkey zombie (D:6)
  10 gnolls
  4 adders
  A shadow imp (D:5)
  An ufetubus (D:5)
  2 adder skeletons (D:4)
  2 worms
  A dart slug (D:2)
  18 orcs
  8 endoplasms
  2 giant cockroaches (D:1)
  9 goblins
  7 hobgoblins
  2 jackals (D:1)
  24 kobolds
  5 quokkas
  5 ball pythons
  3 bats
  3 frilled lizards
  4 rats
347 creatures vanquished.

Vanquished Creatures (others)
  A bush (Lair:4)
  6 fungi
  28 plants
35 creatures vanquished.

Grand Total: 382 creatures vanquished

Notes
Turn   | Place    | Note
-------+----------+-------------------------------------------
     0 | D:1      | miscthings the Spriggan Enchanter began the quest for the
                  | Orb.
     0 | D:1      | Reached XP level 1. HP: 9/9 MP: 5/5
   176 | D:1      | Reached XP level 2. HP: 8/13 MP: 6/6
   194 | D:1      | Learned a level 2 spell: Ensorcelled Hibernation
  1043 | D:2      | Reached skill level 5 in Hexes
  1216 | D:2      | Reached XP level 3. HP: 12/16 MP: 2/8
  2068 | D:3      | Reached XP level 4. HP: 15/21 MP: 0/9
  2088 | D:3      | Learned a level 3 spell: Tukima's Dance
  2092 | D:3      | Learned a level 3 spell: Confusing Touch
  2269 | D:3      | Found a stormy altar of Qazlal.
  2278 | D:3      | Found a sacrificial altar of Ru.
  2284 | D:3      | Found an ancient bone altar of Kikubaaqudgha.
  2287 | D:3      | Found a glowing silver altar of Zin.
  2290 | D:3      | Found a sparkling altar of Nemelex Xobeh.
  2294 | D:3      | Found a blossoming altar of Fedhas.
  2512 | D:3      | Found a bloodstained altar of Trog.
  2617 | D:4      | Noticed a necrophage
  2742 | D:4      | Killed a necrophage
  2743 | D:4      | Reached skill level 5 in Stealth
  2743 | D:4      | Reached XP level 5. HP: 25/25 MP: 11/11
  2748 | D:4      | Reached skill level 1 in Fighting
  2863 | D:4      | Reached XP level 6. HP: 30/30 MP: 7/12
  3568 | D:5      | Entered Level 5 of the Dungeon
  3568 | D:5      | Noticed Prince Ribbit
  3684 | D:4      | HP: 1/30 [Prince Ribbit (9)]
  3685 | D:4      | Killed Prince Ribbit
  3686 | D:4      | Reached XP level 7. HP: 2/33 MP: 1/14
  3866 | D:5      | Found Xase Owo's Jewellery Emporium.
  3909 | D:5      | Found a burning altar of Makhleb.
  3969 | D:5      | Reached skill level 6 in Stealth
  3970 | D:5      | Found a staircase to the Ecumenical Temple.
  3979 | Temple   | Entered the Ecumenical Temple
  4009 | Temple   | Became a worshipper of Ashenzari the Shackled
  4089 | D:5      | Noticed Dowan
  4092 | D:5      | Noticed Duvessa
  5451 | D:5      | Killed Duvessa
  5452 | D:5      | Reached skill level 1 in Evocations
  5539 | D:5      | Killed Dowan
  5552 | D:6      | Reached XP level 8. HP: 39/39 MP: 10/16
  5644 | D:6      | Reached skill level 5 in Short Blades
  5644 | D:6      | Reached skill level 5 in Dodging
  5784 | D:6      | Found a shimmering altar of Xom.
  5823 | D:6      | Reached skill level 5 in Spellcasting
  5838 | D:6      | Noticed Eustachio
  5849 | D:6      | Killed Eustachio
  5850 | D:6      | Reached skill level 7 in Stealth
  6314 | D:6      | Reached * piety under Ashenzari
  6321 | D:6      | Found a runed translucent door.
  6321 | D:6      | Identified the +10 mace of Rumal {flame, rElec rC+ Stlth+}
  6322 | D:6      | Noticed Crazy Yiuf
  6337 | D:6      | Killed Crazy Yiuf
  6636 | D:7      | Reached XP level 9. HP: 43/44 MP: 14/18
  6709 | D:7      | Learned a level 3 spell: Dazzling Flash
  6714 | D:7      | Learned a level 4 spell: Dispel Undead
  6865 | D:7      | Reached skill level 8 in Stealth
  6939 | D:7      | Reached ** piety under Ashenzari
  7392 | D:8      | Found a staircase to the Lair.
  7394 | D:8      | Noticed a komodo dragon
  7396 | D:8      | Reached *** piety under Ashenzari
  7409 | D:8      | Killed a komodo dragon
  7410 | D:8      | Reached skill level 1 in Necromancy
  7519 | D:8      | Noticed Grum
  7992 | D:8      | Killed Grum
  8108 | D:8      | Reached skill level 5 in Evocations
  8198 | D:8      | Noticed Maurice
  8205 | D:8      | Killed Maurice
  8433 | D:9      | Reached XP level 10. HP: 50/51 MP: 23/23
  8458 | D:9      | Found an opulent altar of Gozag.
  8859 | D:9      | Reached skill level 9 in Stealth
  9099 | D:10     | Entered Level 10 of the Dungeon
  9121 | D:10     | Reached skill level 1 in Shields
  9206 | Lair:1   | Entered Level 1 of the Lair of Beasts
  9379 | Lair:1   | Noticed a cane toad
  9387 | Lair:1   | Killed a cane toad
  9419 | Lair:1   | Found a runed translucent gate.
  9455 | Lair:1   | Reached skill level 1 in Armour
  9522 | Lair:1   | Identified the +4 dagger "Cezostri" {elec, rElec rF+}
  9578 | Lair:1   | Found a runed translucent gate.
  9579 | Lair:1   | Found a runed translucent gate.
  9656 | Lair:1   | Reached XP level 11. HP: 54/54 MP: 13/23
  9752 | Lair:1   | Reached skill level 10 in Stealth
  9806 | Lair:1   | Noticed Pooter's ghost (journeyman DsBe)
  9840 | Lair:2   | Noticed Fannar
  9889 | Lair:1   | Killed Fannar
 10111 | Lair:2   | Found a runed translucent gate.
 10111 | Lair:2   | Found a runed translucent gate.
 10111 | Lair:2   | Found a runed translucent gate.
 10111 | Lair:2   | Noticed a boulder beetle
 10113 | Lair:2   | Noticed lunkers's ghost (journeyman DjCA)
 10116 | Lair:2   | Noticed a five-headed hydra
 10175 | Lair:2   | Noticed Maggie
 10324 | Lair:2   | Noticed a six-headed hydra
 10340 | Lair:2   | Killed a six-headed hydra
 10403 | Lair:2   | Killed Maggie
 10451 | Lair:2   | Reached skill level 5 in Fighting
 10701 | Lair:3   | Reached skill level 11 in Stealth
 10732 | Lair:3   | Found a runed translucent gate.
 10842 | Lair:3   | Reached XP level 12. HP: 60/60 MP: 11/25
 10853 | Lair:3   | Found a staircase to the Shoals.
 10886 | Lair:3   | Identified the +1 hand axe of Edeo {freeze, rF+}
 10978 | Lair:3   | Noticed Gastronok
 11338 | Lair:3   | Found a runed translucent gate.
 11339 | Lair:3   | Found a runed translucent gate.
 11340 | Lair:3   | Noticed Nieclary's ghost (journeyman TrTm)
 11341 | Lair:3   | Noticed tnor's ghost (journeyman DjCA)
 11400 | Lair:3   | Found a blossoming altar of Fedhas.
 11408 | Lair:3   | Reached skill level 10 in Hexes
 11604 | Lair:3   | Found a hole to the Spider Nest.
 11866 | Lair:3   | Killed Gastronok
 12050 | Lair:4   | Identified the +12 trident "miscthings's Curse" {drain,
                  | +Blink rPois Str+5 Int-2}
 12115 | Lair:4   | Noticed a catoblepas
 12123 | Lair:4   | Reached **** piety under Ashenzari
 12162 | Lair:4   | Reached skill level 5 in Necromancy
 12165 | Lair:4   | Killed a catoblepas
 12240 | Lair:4   | Noticed an eight-headed hydra
 12243 | Lair:4   | Killed an eight-headed hydra
 12244 | Lair:4   | Reached skill level 12 in Stealth
 12273 | Lair:4   | Reached skill level 10 in Dodging
 12473 | Lair:4   | Noticed a five-headed hydra
 12477 | Lair:4   | Reached ***** piety under Ashenzari
 12506 | Lair:4   | Killed a five-headed hydra
 12585 | Lair:4   | Reached XP level 13. HP: 65/65 MP: 20/27
 13063 | Lair:5   | Found a staircase to the Slime Pits.
 13187 | Lair:5   | Found a runed translucent door.
 13190 | Lair:5   | Identified the +7 trident "Ongyts Pecy" {venom, rC+ rCorr}
 13190 | Lair:5   | Noticed Pinouros's ghost (journeyman DECj)
 13495 | Lair:6   | Entered Level 6 of the Lair of Beasts
 13567 | Lair:6   | Reached skill level 13 in Stealth
 13740 | Lair:6   | Reached skill level 10 in Spellcasting
 13978 | Lair:6   | Reached skill level 10 in Evocations
 14000 | Lair:6   | Noticed a fire dragon
 14061 | Lair:6   | Killed a fire dragon
 14168 | Lair:6   | Found a runed translucent door.
 14313 | Lair:6   | Paralysed by a hornet for 2 turns
 14314 | Lair:6   | HP: 2/66 [hornet (4)]
 14314 | Lair:6   | Slain by a hornet

Illustrated notes

Levels and vault maps discovered:
D:1:      lightli_arrival_windingriver, layout_rooms, serial_glass,
          glass_columns_b, glass_columns_a
D:2:      minmay_door_path, layout_loops_cross, bh_walls_and_bars
D:3:      layout_loops_ring, mainiacjoe_overflow_small_starburst,
          nicolae_overflow_hallway_of_the_gods
D:4:      layout_layer_cave, guppyfry_early_lair_pool
D:5:      layout_layer_cave, mainiacjoe_overflow_24_doors,
          minmay_temple_entry_mist, serial_shops, nicolae_shop_hallway_plus,
          nrook_mini_vaults, uniq_duvessa, uniq_prince_ribbit1
D:6:      layout_rooms, mainiacjoe_overflow_tiny_flanked, serial_corexii_hall,
          chequers_hall_statues_corner_a, corexii_hall_statues_u,
          corexii_hall_statues_t, chequers_hall_statues_y, dk_noncrumbling_4,
          uniq_crazy_yiuf_cottage, uniq_eustachio
D:7:      layout_loops_corners, corexii_checkpoint_b
D:8:      layout_gridville, david_lair_shrubbed, uniq_grum, uniq_maurice
D:9:      layout_basic, mainiacjoe_overflow_six_doors_small,
          minmay_misc_feat_diagonals, hangedman_decor_push, nrook_uturn
D:10:     layout_small_grid, grunt_decor_clamped
Temple:   minmay_temple_bridge_abc
Lair:1:   layout_big_grid, gammafunk_ghost_necromancy, cheibrodos_lair_lostbears
Lair:2:   layout_gridlike, gammafunk_ghost_split, uniq_maggie, uniq_fannar
Lair:3:   layout_loops_ring, shoals_dummy_entry,
          nicolae_spider_entry_orb_guardian, gammafunk_ghost_cemetery,
          hangedman_tree_tricks, serial_bayou_shore_a, uniq_gastronok
Lair:4:   layout_regular_city, grunt_megastairs_2, lemuel_fruit_tree,
          infiniplex_staircase_pool
Lair:5:   layout_regular_city, dpeg_slime_entry_corner,
          ebering_ghost_funeral_grove
Lair:6:   wormcave, layout_regular_city, guppyfry_lair_end_dragon, st_stairs_7

Skill      XL: |  1  2  3  4  5  6  7  8  9 10 11 12 13 |
---------------+----------------------------------------+-----
Hexes          | 4 5 6 7 8 9 10 11 | 11.5
Spellcasting   | 3 4 5 6 7 8 9 10 | 10.4
Dodging        | 3 4 5 6 7 9 10 11 | 11.3
Short Blades   | 2 3 4 6 7 8 |  8.9
Stealth        | 5 6 7 8 9 11 12 13 | 13.6
Fighting       | 1 2 3 4 5 6 |  6.9
Evocations     | 1 3 5 6 7 9 10 | 10.3
Necromancy     | 1 3 4 5 6 |  6.5
Shields        | 2 3 4 |  4.6
Armour         | 1 2 3 |  3.0

Action                   |  1- 3 |  4- 6 |  7- 9 | 10-12 | 13-15 || total
-------------------------+-------+-------+-------+-------+-------++-------
Melee: Dagger            |   127 |   147 |   173 |   282 |   147 ||   876
       Short sword       |       |       |   232 |    42 |       ||   274
       Punch             |       |       |       |     1 |       ||     1
 Cast: Ensorcelled Hiber |    34 |    23 |    50 |   145 |    64 ||   316
       Confusing Touch   |       |       |     2 |     5 |     2 ||     9
       Dazzling Flash    |       |       |     1 |     4 |     2 ||     7
Invok: Curse Item        |       |       |     4 |     5 |     1 ||    10
       Shatter the Chain |       |       |     1 |     2 |       ||     3
Evoke: Wand              |       |     5 |    16 |    14 |     5 ||    40
  Use: Scroll            |       |     8 |     1 |     4 |     1 ||    14
       Potion            |       |       |     2 |       |     1 ||     3
 Stab: Sleeping          |    29 |    14 |    41 |    81 |    50 ||   215
       Distracted        |     1 |       |     1 |       |       ||     2
       Confused          |       |       |     4 |     7 |     4 ||    15
       Invisible         |       |       |     2 |     3 |     7 ||    12
       Petrified         |       |       |       |     1 |       ||     1
       Paralysed         |       |       |       |       |     1 ||     1
Armor: Robe              |    16 |     4 |    11 |       |       ||    31
       Troll leather arm |       |       |       |    29 |    10 ||    39
       Steam dragon scal |       |       |       |     3 |       ||     3
Dodge: Dodged            |    84 |   125 |   298 |   246 |   118 ||   871
Block: Buckler           |       |       |       |       |    32 ||    32

Table legend: (Time is in decaauts)
 A = Elapsed time spent in this place.
 B = Non-inter-level travel time spent in this place.
 C = Inter-level travel time spent in this place.
 D = Time resting spent in this place.
 E = Time spent auto-exploring this place.
 F = Levels seen in this place.
 G = Mean time per level.
                   A        B        C        D        E       F      G
               +--------+--------+--------+--------+--------+-----+--------+
         Total |   9896 |   9419 |    477 |   1309 |   4965 |  17 |  582.1 |
       Dungeon |   6237 |   5858 |    379 |    953 |   3080 |  10 |  623.7 |
        Temple |     51 |     33 |     18 |      0 |     23 |   1 |   51.0 |
          Lair |   3607 |   3527 |     80 |    355 |   1861 |   6 |  601.2 |
               +--------+--------+--------+--------+--------+-----+--------+

Top non-repeatable levels by time:
     D:5: 1184 daAuts
  Lair:3: 979 daAuts
     D:1: 828 daAuts
     D:4: 719 daAuts
     D:8: 696 daAuts
  Lair:6: 610 daAuts
     D:2: 608 daAuts
     D:7: 596 daAuts
  Lair:4: 595 daAuts
     D:6: 586 daAuts
     D:3: 492 daAuts
     D:9: 481 daAuts
  Lair:2: 481 daAuts
  Lair:5: 477 daAuts
  Lair:1: 462 daAuts
